 Dungeon Crawl Stone Soup version 0.21-a0-270-g8204059 (webtiles) character file.

256728 Ijustatesigmund the Severer (level 20, 187/187 HPs)
             Began as a Hill Orc Fighter on Sept 7, 2017.
             Was a High Priest of Cheibriados.
             Quit the game on level 3 of the Depths on Sept 26, 2017.
             The game lasted 02:26:18 (39474 turns).

Ijustatesigmund the Severer (Hill Orc Fighter)     Turns: 39474, Time: 02:26:19

Health: 187/187    AC: 20    Str: 42    XL:     20   Next: 24%
Magic:  33/33      EV: 34    Int: 22    God:    Cheibriados [*****.]
Gold:   3046       SH: 21    Dex: 28    Spells: 10/19 levels left

rFire    + . .     SeeInvis .   R - +3 broad axe (flame)
rCold    + . .     Gourm    .   c - +0 shield
rNeg     . . .     Faith    .   G - +4 faerie dragon scales {rC+ rCorr Str+4}
rPois    .         Spirit   .   A - +1 helmet
rElec    .         Reflect  +   K - scarf {cloud immunity}
rCorr    +         Harm     .   o - +0 pair of gloves {Str+3}
MR       +....                  r - +2 pair of boots
Stlth    ++........             I - +4 amulet of reflection
HPRegen  0.41/turn              x - +3 ring of evasion
MPRegen  0.23/turn              X - ring of Phasing {EV+8}

@: very slow
A: fire resistance 1, MP-powered wands
}: 1/15 runes: serpentine
a: Bend Time, Temporal Distortion, Slouch, Step From Time, Renounce Religion


You were on level 3 of the Depths.
You worshipped Cheibriados.
Cheibriados was extremely pleased with you.
You were hungry.

You visited 6 branches of the dungeon, and saw 31 of its levels.
You also visited: Sewer and Ice Cave.

You collected 3872 gold pieces.
You spent 826 gold pieces at shops.

Inventory:

Hand Weapons
 d - a +2 hand axe of holy wrath
 w - a +0 broad axe of venom
 R - a +3 broad axe of flaming (weapon)
Armour
 c - a +0 shield (worn)
 m - +1 ice dragon scales
 o - a +0 pair of gloves of strength (worn)
 r - a +2 pair of boots (worn)
 A - a +1 helmet (worn)
 G - the +4 faerie dragon scales (worn) {rC+ rCorr Str+4}
   (You took it off the Enchantress on level 1 of the Depths)

   It affects your strength (+4).
   It protects you from cold.
   It protects you from acid and corrosion.
 K - a scarf of cloud immunity (worn)
 O - the +4 troll leather armour "Hoisel" {Regen+ Str+2}
   (You bought it in a shop on level 1 of the Orcish Mines)

   It affects your strength (+2).
   It increases your rate of regeneration.
Jewellery
 x - a +3 ring of evasion (left hand)
 z - an uncursed ring of poison resistance
 I - a +4 amulet of reflection (around neck)
 J - an uncursed ring of protection from cold
 M - an uncursed ring of protection from fire
 S - the ring "Juwioc" {rF++ AC-3}
   (You found it in an ice cave)

   [ring of protection]

   It affects your AC (-3).
   It greatly protects you from fire.
 W - an uncursed ring of wizardry
 X - the ring of Phasing (right hand) {EV+8}
   (You found it on level 2 of the Orcish Mines)

   [ring of evasion]

   It affects your evasion (+8).
Wands
 b - a wand of iceblast (1/15)
 B - a wand of polymorph (15/24)
 C - a wand of lightning (8/15)
 D - a wand of enslavement (12/24)
 L - a wand of enslavement (7/24)
 N - a wand of acid (3/15)
 U - a wand of clouds (6/9)
Scrolls
 e - 7 scrolls of remove curse
 g - 3 scrolls of teleportation
 n - 4 scrolls of immolation
 s - a scroll of recharging
 t - 3 scrolls of magic mapping
 u - 2 scrolls of summoning
 v - 2 scrolls of amnesia
 y - 2 scrolls of blinking
 Y - a scroll of fog
Potions
 a - a potion of invisibility
 h - 3 potions of resistance
 i - a potion of curing
 j - 7 potions of agility
 p - 8 potions of flight
 E - 3 potions of magic
 P - 3 potions of might
 Q - a potion of ambrosia
 T - a potion of brilliance
Books
 l - the Grimoire of Evil Earth
   (You found it on level 14 of the Dungeon)

   Spells                             Type                      Level
   a - Vampiric Draining              Necromancy                   3
   b - Animate Dead                   Necromancy                   4
   c - Petrify                        Transmutation/Earth          4
   d - Shatter                        Earth                        9
 q - Taosoy's Grimoire of Transmigration and the Frostbite
   (You found it on level 14 of the Dungeon)

   Spells                             Type                      Level
   a - Beastly Appendage              Transmutation                1
   b - Ensorcelled Hibernation        Hexes/Ice                    2
   c - Passwall                       Transmutation/Earth          2
   d - Ozocubu's Refrigeration        Ice                          6
   e - Dragon Form                    Transmutation                7
 V - Ziablud's Papyrus of Warped Venom
   (You found it on level 14 of the Dungeon)

   Spells                             Type                      Level
   a - Sting                          Conjuration/Poison           1
   b - Blink                          Translocation                2
   c - Olgreb's Toxic Radiance        Poison                       4
   d - Venom Bolt                     Conjuration/Poison           5
   e - Disjunction                    Translocation                8
 Z - the Volume of Entrancing Conjuration
   (You found it on level 14 of the Dungeon)

   Spells                             Type                      Level
   a - Searing Ray                    Conjuration                  2
   b - Mephitic Cloud                 Conjuration/Poison/Air       3
   c - Iskenderun's Battlesphere      Conjuration/Charms           5
   d - Bolt of Magma                  Conjuration/Fire/Earth       5
   e - Yara's Violent Unravelling     Hexes/Transmutation          5
   f - Bolt of Fire                   Conjuration/Fire             6
Miscellaneous
 F - a phantom mirror
Comestibles
 f - 21 bread rations
 k - 9 royal jellies
 H - 10 meat rations


   Skills:
 + Level 18.0 Fighting
 + Level 19.6 Axes
 - Level 10.5 Armour
 + Level 10.6 Dodging
 + Level 13.9 Shields
 - Level 9.4 Translocations
 + Level 19.2 Invocations
 - Level 8.5 Evocations


You had 10 spell levels left.
You knew the following spells:

 Your Spells              Type           Power        Failure   Level  Hunger
a - Magic Dart            Conj           #...         22%         1    ##.....
b - Blink                 Tloc           N/A          1%          2    ###....
c - Lesser Beckoning      Tloc           #####.....   1%          3    ####...
d - Mephitic Cloud        Conj/Pois/Air  #.......     54%         3    ####...


Dungeon Overview and Level Annotations

Branches:
Dungeon (15/15)            Temple (1/1) D:7            Lair (6/6) D:10
 Shoals (0/4) Lair:2        Snake (4/4) Lair:2        Slime (0/5) Lair:6
    Orc (2/2) D:9             Elf (0/3) Orc:2        Vaults (0/5) D:13
 Depths (3/5) D:15

Altars:
Ashenzari
Cheibriados
Dithmenos
Elyvilon
Fedhas
Hepliaklqana
Kikubaaqudgha
Makhleb
Nemelex Xobeh
Sif Muna
Vehumet
Wu Jian
The Shining One
Beogh
Jiyva

Shops:
D:12 :   Orc:1 [   Orc:2 (!}(   Depths:1 %

Portals:
Hell: Depths:1
Abyss: Depths:2
Pandemonium: Depths:2
Trove: D:15 (give +7 demon whip)

Annotations:
D:9 exclusion: obsidian statue
Lair:6 exclusion: 2 oklob plants


Innate Abilities, Weirdness & Mutations

Your flesh is heat resistant. (rF+)
You expend magic power (3 MP) to strengthen your wands.


Message History

There is an open door, spattered with blood here.
Items here: ))))) = ? [[[ ÷÷÷ Your pack is full.
There is an open door, spattered with blood here.
Items here: ))))) = ? [[[ ÷÷÷ Could not pick up some items here; shall I ignore them?
Okay, then.
Saving game... please wait.
Welcome back, Ijustatesigmund the Hill Orc Fighter.
Cheibriados says: Take it easy.
Press ? for a list of commands and other information.
Saving game... please wait.
Welcome back, Ijustatesigmund the Hill Orc Fighter.
Cheibriados says: Take it easy.
Press ? for a list of commands and other information.
Saving game... please wait.
Welcome back, Ijustatesigmund the Hill Orc Fighter.
Cheibriados says: Take it easy.
Press ? for a list of commands and other information.
Are you sure you want to abandon this character and quit the game? (Confirm with "yes".)

+.. .# # ###..
..##. ...# ....
####..##..#
..'......####
######.........#
.........#
...####).# .# #
#.[@[)#+#..#
#...####)[.....#
#..e............#
###...#####...###
#.. ...# #. ...+
# ...# ...# .oe.


There were no monsters in sight!

Vanquished Creatures
  A golden dragon (Depths:2)
  Nikola (Depths:1)
  the Enchantress (Depths:1)
  Asterion (Depths:1)
  A lich (Depths:1)
  A sphinx (Depths:2)
  Frances (D:12)
  4 fire giants
  9 nagarajas (Snake:4)
  Aizul (Depths:1)
  6 frost giants
  2 orc warlords
  10 stone giants
  5 very ugly things
  4 spriggan defenders
  A deep elf annihilator (Depths:3)
  5 ettins
  A yaktaur captain (Depths:2)
  A merfolk impaler (Depths:3)
  3 fire dragons
  Fannar (Lair:1)
  4 hydras
  18 naga warriors
  2 great orbs of eyes
  2 rakshasas
  10 anacondas
  4 ice dragons
  3 spriggan air magi
  5 centaur warriors
  2 dancing weapons
  3 ogre magi
  Erica (D:10)
  3 deep troll shamans (Depths:2)
  8 death yaks
  A vampire mage (D:14)
  A deep troll earth mage (D:15)
  3 tengu warriors (Depths:2)
  19 two-headed ogres
  19 naga sharpshooters
  6 orc high priests
  3 shock serpents
  3 spriggan berserkers
  A shock serpent (shapeshifter) (Depths:3)
  A storm dragon zombie (Depths:1)
  A fire crab (shapeshifter) (Depths:3)
  Nergalle (Lair:1)
  Sonja (D:10)
  14 hell knights
  A salamander mystic (Snake:3)
  A fire crab (Lair:6)
  4 iron trolls (Depths:2)
  A glowing orange brain (Depths:2)
  A skeletal warrior (D:15)
  7 deep trolls
  A sea snake (shapeshifter) (D:13)
  2 unseen horrors
  2 flayed ghosts
  5 naga ritualists
  A tengu zombie (Depths:1)
  A wizard (Depths:1)
  Pikel (D:6)
  7 orc knights
  4 harpies (D:15)
  7 necromancers
  2 wolf spider zombies
  11 mana vipers
  An oklob plant (Lair:4)
  8 orc sorcerers
  A shining eye (shapeshifter) (Depths:3)
  10 deep elf magi
  A fire giant zombie (D:15)
  6 ugly things
  13 salamanders
  A faun (Snake:1)
  A cyclops (D:15)
  2 manticores
  A fire giant skeleton (D:15)
  2 stone giant skeletons (Depths:1)
  5 elephants
  33 black mambas
  5 guardian serpents
  A frost giant skeleton (Depths:1)
  36 naga magi
  A black mamba (shapeshifter) (D:14)
  5 gargoyles
  2 ice statues (IceCv)
  10 spiny frogs
  A yaktaur zombie (Depths:1)
  2 yaktaurs
  7 komodo dragons
  A centaur skeleton (D:13)
  5 rime drakes
  3 red devils (Depths:1)
  A spriggan skeleton (Depths:1)
  2 tengu conjurers (Depths:2)
  3 hellwings
  A wind drake (shapeshifter) (D:13)
  5 hornets
  A guardian mummy (D:15)
  7 polar bears
  3 meliai (D:14)
  5 trolls
  10 dream sheep
  11 hippogriffs
  8 slime creatures
  A frost giant simulacrum (Depths:1)
  A hippogriff (shapeshifter) (Depths:2)
  An elf skeleton (Depths:1)
  17 spriggans
  6 water elementals
  A shadow (D:14)
  Eustachio (D:5)
  2 basilisks
  An ettin skeleton (Depths:1)
  44 yaks
  2 humans (shapeshifter)
  13 wyverns
  3 fire elementals
  An elf zombie (D:15)
  A steam dragon (D:10)
  5 hungry ghosts
  6 vampire mosquitoes
  An acid dragon (D:14)
  Menkaure (D:5)
  33 nagas
  3 wargs
  3 hell hounds (Depths:1)
  26 water moccasins
  5 porcupines
  Purgy (Sewer)
  27 ice beasts
  3 sky beasts
  43 orc warriors
  3 black bears (Lair:6)
  3 necrophages
  16 ogres
  26 wolves
  2 phantoms
  19 centaurs
  7 boggarts
  18 crocodiles
  8 big kobolds
  Blork the orc (D:6)
  17 bullfrogs
  A yaktaur skeleton (D:15)
  4 scorpions
  3 wyvern skeletons
  A water moccasin skeleton (D:7)
  13 killer bees
  13 wights
  3 electric eels
  8 howler monkeys
  2 jellies (D:9)
  3 centaur zombies
  2 lava snakes (D:14)
  11 crimson imps
  A quasit (D:11)
  2 bullfrog zombies
  10 hounds
  34 orc priests
  21 orc wizards
  A bullfrog skeleton (D:9)
  2 iguanas
  Natasha (thrice) (D:2)
  8 worker ants
  A hound zombie (D:5)
  2 hound skeletons
  A howler monkey zombie (D:11)
  Robin (D:2)
  16 adders
  2 shadow imps
  A white imp (D:13)
  An ufetubus (D:13)
  2 oozes
  2 adder zombies (D:5)
  3 adder skeletons
  2 worms (D:2)
  A dart slug (D:1)
  5 leopard geckos
  112 orcs
  A ball python (Lair:2)
  8 bats
  3 giant cockroaches
  10 goblins
  10 hobgoblins
  14 jackals
  7 quokkas
  2 frilled lizards
  A giant cockroach zombie (D:6)
  A jackal skeleton (D:5)
  16 kobolds
  3 rats
  A fire vortex (D:14)
  2 fungi
  3 plants
  3 withered plants (D:15)
1234 creatures vanquished.

Vanquished Creatures (others)
  A wizard (Depths:3)
  A smoke demon (Depths:1)
  A yaktaur (Depths:2)
  A red devil (Depths:1)
  A boggart (Depths:1)
  A fire vortex (D:14)
  2 fungi
  21 plants
29 creatures vanquished.

Grand Total: 1263 creatures vanquished

Notes
Turn   | Place    | Note
-------+----------+-------------------------------------------
     0 | D:1      | Ijustatesigmund the Hill Orc Fighter began the quest for the Orb.
     0 | D:1      | Reached XP level 1. HP: 19/19 MP: 1/1
   143 | D:1      | Reached XP level 2. HP: 27/27 MP: 2/2
   729 | D:2      | Reached XP level 3. HP: 22/33 MP: 3/3
   947 | D:2      | Noticed Natasha
   952 | D:2      | Killed Natasha
   952 | D:2      | Reached XP level 4. HP: 24/40 MP: 4/4
   963 | D:2      | Noticed Natasha
   965 | D:2      | Killed Natasha
   965 | D:2      | Reached skill level 5 in Axes
  1221 | D:2      | Noticed Robin
  1236 | D:2      | Killed Robin
  1390 | D:2      | Reached XP level 5. HP: 47/47 MP: 5/5
  1462 | D:2      | Found a white marble altar of Elyvilon.
  1528 | D:2      | Noticed Natasha
  1532 | D:2      | Killed Natasha
  1670 | D:2      | Reached skill level 5 in Fighting
  1709 | D:3      | Found an ornate altar of the Wu Jian Council.
  1936 | D:3      | Found a glowing drain.
  1950 | Sewer    | Entered a sewer
  1995 | Sewer    | Noticed Purgy
  2003 | Sewer    | Killed Purgy
  2003 | Sewer    | Reached XP level 6. HP: 55/56 MP: 6/6
  2777 | D:4      | Got a bloodstained ring mail
  2788 | D:4      | Identified the +3 ring mail of the Stallion {Str+3 Dex+4} (You found it on level 4 of the Dungeon)
  2890 | D:4      | Noticed a phantom
  2907 | D:4      | Killed a phantom
  2907 | D:4      | Reached XP level 7. HP: 61/63 MP: 7/7
  3184 | D:4      | Reached skill level 5 in Armour
  3406 | D:5      | Entered Level 5 of the Dungeon
  3418 | D:5      | Noticed Eustachio
  3769 | D:5      | Killed Eustachio
  3991 | D:5      | Noticed Menkaure
  4001 | D:5      | Killed Menkaure
  4001 | D:5      | Reached XP level 8. HP: 8/73 MP: 8/8
  5287 | D:6      | Noticed Blork the orc
  5293 | D:6      | Killed Blork the orc
  5396 | D:6      | Found an ancient bone altar of Kikubaaqudgha.
  5598 | D:6      | Noticed Pikel
  5618 | D:6      | Killed Pikel
  5618 | D:6      | Reached XP level 9. HP: 58/83 MP: 9/9
  5792 | D:7      | Reached skill level 10 in Axes
  5911 | D:7      | Found a radiant altar of Vehumet.
  6129 | D:7      | Found a staircase to the Ecumenical Temple.
  6155 | Temple   | Entered the Ecumenical Temple
  6178 | Temple   | Became a worshipper of Cheibriados the Contemplative
  6233 | D:7      | Reached skill level 1 in Invocations
  6263 | D:7      | Found a sparkling altar of Nemelex Xobeh.
  6657 | D:8      | Reached skill level 1 in Dodging
  6659 | D:8      | Reached skill level 10 in Fighting
  6659 | D:8      | Reached XP level 10. HP: 53/93 MP: 10/12
  6660 | D:8      | Reached * piety under Cheibriados
  6840 | D:8      | Noticed a three-headed hydra
  6847 | D:8      | Killed a one-headed hydra
  7214 | D:8      | Noticed a two-headed ogre
  7251 | D:9      | Reached skill level 5 in Shields
  7733 | D:9      | Noticed an obsidian statue
  7784 | D:9      | Found a staircase to the Orcish Mines.
  7825 | D:9      | Reached skill level 5 in Invocations
  8181 | D:8      | Killed a two-headed ogre
  8321 | D:8      | Reached ** piety under Cheibriados
  8812 | D:9      | Reached XP level 11. HP: 78/101 MP: 15/15
  9102 | D:10     | Entered Level 10 of the Dungeon
  9102 | D:10     | Noticed Sonja
  9115 | D:10     | Killed Sonja
  9568 | D:10     | Reached *** piety under Cheibriados
  9618 | D:10     | Found a staircase to the Lair.
  9929 | D:10     | Noticed a two-headed ogre
  9939 | D:10     | Killed a two-headed ogre
 10424 | D:11     | Found a blossoming altar of Fedhas.
 10440 | D:11     | Reached **** piety under Cheibriados
 10545 | D:11     | Noticed a purple ugly thing
 10557 | D:11     | Killed a purple ugly thing
 10557 | D:11     | Reached skill level 10 in Invocations
 10833 | D:11     | Reached XP level 12. HP: 55/110 MP: 16/20
 11954 | D:12     | Noticed a centaur warrior
 12154 | D:9      | Learned a level 1 spell: Magic Dart
 12157 | D:9      | Learned a level 2 spell: Call Imp
 12161 | D:9      | Learned a level 2 spell: Blink
 12218 | D:12     | Reached skill level 1 in Translocations
 12312 | D:12     | Found Meuluqiu's Book Shoppe.
 12377 | D:12     | Reached ***** piety under Cheibriados
 12428 | D:12     | Noticed Frances
 12450 | D:12     | Killed Frances
 12678 | D:12     | Killed a centaur warrior
 13103 | D:12     | Gained mutation: You have sharp toenails. [potion of mutation]
 13103 | D:12     | Gained mutation: You are weak. (Str -2) [potion of mutation]
 13103 | D:12     | Gained mutation: You evolve. [potion of mutation]
 13104 | D:12     | Lost mutation: You have sharp toenails. [potion of mutation]
 13104 | D:12     | Lost mutation: You evolve. [potion of mutation]
 13104 | D:12     | Gained mutation: You are frail. (-10% HP) [potion of mutation]
 13104 | D:12     | Gained mutation: You are covered in fur. (AC +1) [potion of mutation]
 13105 | D:12     | Lost mutation: You are covered in fur. (AC +1) [potion of mutation]
 13105 | D:12     | Lost mutation: You are frail. (-10% HP) [potion of mutation]
 13105 | D:12     | Lost mutation: You are weak. (Str -2) [potion of mutation]
 13105 | D:12     | Gained mutation: You expend magic power (3 MP) to strengthen your wands. [potion of mutation]
 13105 | D:12     | Gained mutation: Your flesh is heat resistant. (rF+) [potion of mutation]
 13204 | D:12     | Reached skill level 5 in Translocations
 13686 | D:13     | Noticed a centaur warrior
 13692 | D:13     | Reached XP level 13. HP: 50/116 MP: 22/22
 13778 | D:13     | Found a frozen archway.
 13798 | IceCv    | Entered an ice cave
 14217 | IceCv    | Noticed an ice dragon
 14218 | IceCv    | Noticed an ice dragon
 14246 | IceCv    | Killed an ice dragon
 14265 | IceCv    | Killed an ice dragon
 14600 | IceCv    | Got a flickering turquoise ring
 14717 | IceCv    | Identified the cursed ring "Juwioc" {rF++ AC-3} (You found it in an ice cave)
 15765 | D:13     | Learned a level 3 spell: Lesser Beckoning
 15810 | D:13     | Found a gate to the Vaults.
 16144 | Lair:1   | Entered Level 1 of the Lair of Beasts
 16144 | Lair:1   | Noticed Erica
 16145 | Lair:1   | Noticed Fannar
 16177 | D:10     | Killed Erica
 16337 | Lair:1   | Killed Fannar
 16458 | Lair:1   | Noticed Nergalle
 16484 | Lair:1   | Killed Nergalle
 16850 | Lair:1   | Reached skill level 5 in Dodging
 17319 | Lair:2   | Reached XP level 14. HP: 118/125 MP: 24/24
 17362 | Lair:2   | Found a staircase to the Snake Pit.
 17397 | Lair:2   | Found a staircase to the Shoals.
 19335 | Lair:3   | Reached ****** piety under Cheibriados
 20744 | Lair:4   | Got a faintly glowing scale mail
 20755 | Lair:4   | Identified the +6 scale mail of the Apprentice {rElec Slay-5 SInv} (You found it on level 4 of the Lair of Beasts)
 21027 | Lair:5   | Reached skill level 10 in Armour
 21669 | Lair:6   | Entered Level 6 of the Lair of Beasts
 21764 | Lair:6   | Identified a scroll of acquirement
 21777 | Lair:6   | Reached XP level 15. HP: 116/134 MP: 26/26
 21865 | Lair:6   | Found a staircase to the Slime Pits.
 21865 | Lair:6   | Found a viscous altar of Jiyva.
 22661 | Lair:6   | Reached skill level 15 in Invocations
 23254 | Orc:1    | Entered Level 1 of the Orcish Mines
 23255 | Orc:1    | Found Fusown's Armour Shoppe.
 23331 | Orc:1    | Bought the +4 troll leather armour "Hoisel" {Regen+ Str+2} for 646 gold pieces
 23683 | Orc:2    | Entered Level 2 of the Orcish Mines
 24123 | Orc:2    | Found a roughly hewn altar of Beogh.
 24270 | Orc:2    | Found the ring of Phasing {EV+8}
 24555 | Orc:2    | Found the +7 sceptre of Torment
 24572 | Orc:2    | Reached skill level 15 in Axes
 24646 | Orc:2    | Found a staircase to the Elven Halls.
 24761 | Orc:2    | Found Etwanun's Gadget Shoppe.
 24782 | Orc:2    | Found Diczookk's Antique Weapon Emporium.
 24839 | Orc:2    | Paralysed by an orc sorcerer for 6 turns
 24854 | Orc:2    | Paralysed by an orc sorcerer for 7 turns
 25186 | Orc:2    | Found Vusub's Distillery.
 25219 | Orc:2    | Bought 2 potions of agility for 120 gold pieces
 25219 | Orc:2    | Bought a potion of agility for 60 gold pieces
 25234 | Orc:2    | Found a roughly hewn altar of Beogh.
 25234 | Orc:2    | Noticed an orc warlord
 25243 | Orc:2    | Killed an orc warlord
 25252 | Orc:2    | Paralysed by an orc sorcerer for 5 turns
 25291 | Orc:2    | Found Eryi's Antique Weapon Emporium.
 25657 | Snake:1  | Entered Level 1 of the Snake Pit
 25898 | Snake:1  | Reached XP level 16. HP: 100/146 MP: 21/28
 28009 | Snake:3  | Reached skill level 15 in Fighting
 28017 | Snake:3  | HP: 5/149 [naga sharpshooter/bolt (18)]
 29802 | Snake:4  | Entered Level 4 of the Snake Pit
 29863 | Snake:4  | Noticed a nagaraja
 29873 | Snake:4  | Killed a nagaraja
 29890 | Snake:4  | Reached XP level 17. HP: 117/158 MP: 29/29
 30028 | Snake:4  | Upgraded the game from 0.21-a0-260-g9b2435e to 0.21-a0-264-g3e31e41
 31749 | Snake:4  | Reached skill level 10 in Shields
 32183 | Snake:4  | Got a serpentine rune of Zot
 32768 | D:14     | Identified the Grimoire of Evil Earth
 33189 | D:14     | Found an ancient bone altar of Kikubaaqudgha.
 33233 | D:14     | Reached XP level 18. HP: 153/169 MP: 26/31
 33274 | D:14     | Reached skill level 1 in Evocations
 33408 | D:14     | Found a deep blue altar of Sif Muna.
 33444 | D:14     | Paralysed by an orc sorcerer for 7 turns
 33461 | D:14     | Identified Ziablud's Papyrus of Warped Venom
 33477 | D:14     | Identified the Volume of Entrancing Conjuration
 33479 | D:14     | Identified Taosoy's Grimoire of Transmigration and the Frostbite
 33484 | D:14     | Learned a level 3 spell: Mephitic Cloud
 33743 | D:15     | Entered Level 15 of the Dungeon
 33986 | D:15     | Found a staircase to the Depths.
 34734 | D:15     | Found a portal to a secret trove of treasure.
 34813 | Depths:1 | Entered Level 1 of the Depths
 35882 | Depths:1 | Noticed Asterion
 35897 | Depths:1 | Killed Asterion
 35897 | Depths:1 | Reached skill level 5 in Evocations
 36059 | Depths:1 | Found Fuiv's Food Shop.
 36093 | Depths:1 | Noticed the Enchantress
 36098 | Depths:1 | Killed the Enchantress
 36142 | Depths:1 | Got faerie dragon scales
 36159 | Depths:1 | Identified the +4 faerie dragon scales {rC+ rCorr Str+4} (You took it off the Enchantress on level 1 of the Depths)
 36214 | Depths:1 | Noticed a lich
 36217 | Depths:1 | Noticed a Hell Sentinel
 36220 | Depths:1 | Noticed a Tzitzimitl
 36351 | Depths:1 | Killed a lich
 36385 | Depths:1 | Noticed Aizul
 36385 | Depths:1 | Found a gateway to Hell.
 36404 | Depths:1 | Killed Aizul
 36719 | Depths:1 | Reached XP level 19. HP: 116/177 MP: 23/32
 36952 | Depths:1 | Noticed Nikola
 36976 | Depths:1 | Killed Nikola
 37366 | Depths:1 | Found a glowing golden altar of the Shining One.
 37454 | Depths:2 | Noticed a golden dragon
 37480 | Depths:2 | Reached skill level 10 in Dodging
 37482 | Depths:2 | Killed a golden dragon
 37915 | Depths:2 | Found a one-way gate to the infinite horrors of the Abyss.
 38449 | Depths:2 | Found a one-way gate leading to the halls of Pandemonium.
 38972 | Depths:3 | Upgraded the game from 0.21-a0-264-g3e31e41 to 0.21-a0-265-gb353147
 39027 | Depths:3 | Reached XP level 20. HP: 86/187 MP: 29/33
 39372 | Depths:3 | Upgraded the game from 0.21-a0-265-gb353147 to 0.21-a0-270-g8204059
 39474 | Depths:3 | Quit the game

Vault maps used:
D:1:      dpeg_arrival_lava_altar, minmay_split_cup_small
D:2:      cheibrodos_old_hovel, st_stairs_12, elyvilon_altar_1, uniq_robin,
          uniq_natasha
D:3:      old_standard_altar, portal_sewer_entry_d
D:4:      first_bread
D:5:      st_stairs_6, bh_chokoban, uniq_eustachio, uniq_menkaure
D:6:      marbit_many_paths, uniq_blork_the_orc, uniq_pikel
D:7:      grunt_temple_overflow_open, minmay_temple_entry_overgrown
D:8:      hangedman_ranch
D:9:      kennysheep_ambush_hall, orc_0_dummy, minmay_crystal_water,
          minmay_protected_statue
D:10:     erik_lair_dragon, kennysheep_generic_room_12, uniq_sonja
D:11:     serial_co_window_serial, co_window_corner_a, co_window_paths_b,
          co_window_paths_a, co_window_paths_a, co_window_paths_a,
          co_window_cross_2, co_window_broadway_c, co_window_cross_4,
          co_window_paths_c, co_window_paths_d, co_window_4corner_b,
          glass_columns_a, glass_columns_a, fedhas_altar_1
D:12:     serial_shops, shop, uniq_frances
D:13:     erik_vaults_1, serial_ice, serial_ice_h, serial_ice_j, serial_ice_m,
          serial_ice_a, portal_ice_cave_entry_ice_beasts,
          minmay_unpleasant_kobolds
D:14:     evilmike_library_of_no_secrets, minmay_misc_feat_enclosed, basic_altar
D:15:     gammafunk_depths_entry_grave, hangedman_decor_lopped,
          nicolae_trove_entry_columns, spider_trap, grunt_ministairs_2,
          small_statue_intersection
Temple:   regret_index_temple_mists
Lair:1:   uniq_nergalle, uniq_fannar, uniq_erica
Lair:2:   minmay_shoals_entry_beasts, minmay_snake_entry_six_corridors
Lair:3:   nicolae_lair_grove_arrangements
Lair:4:   grunt_megastairs_3
Lair:5:   st_stairs_11, lemuel_fruit_fields, grunt_megastairs_2,
          lemuel_fruit_tree
Lair:6:   minmay_lair_end_enchanted_forest, slime_altar_1,
          minmay_lair_oklob_chamber, infiniplex_staircase_pool
Snake:2:  nicolae_large_snake_swirl
Snake:3:  guppyfry_library_mini
Snake:4:  snake_pit
Orc:1:    serial_shops, shop
Orc:2:    pubby_orc_utopia, serial_shops
Depths:1: hellmouth_3, glass_columns_b, serial_shops, shop, minmay_fountain_box,
          grunt_decor_resistance, kennysheep_cross_room,
          hangedman_abyss_or_decor_slice, minmay_misc_feat_columns, tso_altar,
          uniq_asterion, uniq_aizul, uniq_enchantress, uniq_nikola
Depths:2: minmay_triangles_in_corner, hellmouth_1, nicolae_two_hexagons,
          abyss_entry, pan_entry, serial_bayou_pond_c, serial_bayou_shore_b
Depths:3: box_level_dp, hell_entry, pan_entry, abyss_entry
Sewer:    sewer_big_baddie
IceCv:    ice_cave_small_dragons

Skill      XL: |  1  2  3  4  5  6  7  8  9 10 11 12 13 14 15 16 17 18 19 20 |
---------------+-------------------------------------------------------------+-----
Axes           | 3 4 5 6 7 8 9 10 11 12 13 14 15 17 18 19 | 19.6
Fighting       | 4 5 6 7 9 10 11 12 14 15 17 18 | 18.0
Armour         | 4 5 7 8 10 | 10.5
Invocations    | 3 6 11 13 14 16 17 18 19 | 19.2
Dodging        | 1 3 4 5 6 7 9 10 | 10.6
Shields        | 4 5 6 7 9 10 12 13 | 13.9
Translocations | 7 9 |  9.4
Evocations     | 6 8 |  8.5

Action                   |  1- 3 |  4- 6 |  7- 9 | 10-12 | 13-15 | 16-18 | 19-21 || total
-------------------------+-------+-------+-------+-------+-------+-------+-------++-------
Melee: War axe           |    91 |   153 |   172 |       |       |       |       ||   416
       Hand axe          |       |       |   142 |   650 |  1044 |       |       ||  1836
       Broad axe         |       |       |       |       |   664 |  1173 |   353 ||  2190
 Cast: Lesser Beckoning  |       |       |       |       |       |    38 |     3 ||    41
       Blink             |       |       |       |       |       |     2 |     1 ||     3
Invok: Bend Time         |       |       |       |     2 |     3 |       |     1 ||     6
       Slouch            |       |       |       |     2 |     9 |     8 |     8 ||    27
Evoke: Wand              |       |       |       |    22 |    12 |    29 |     9 ||    72
  Use: Scroll            |       |    10 |     3 |    12 |    13 |    18 |     5 ||    61
       Potion            |       |     1 |     9 |    12 |     3 |    13 |     4 ||    42
 Stab: Sleeping          |       |       |     3 |     3 |     3 |     6 |     1 ||    16
       Invisible         |       |       |       |     1 |       |       |       ||     1
       Confused          |       |       |       |     1 |     4 |       |       ||     5
       Distracted        |       |       |       |       |     2 |     1 |       ||     3
  Eat: Chunk             |       |     6 |    11 |     8 |    17 |     6 |     2 ||    50
       Fruit             |       |       |     3 |       |     3 |    15 |       ||    21
       Royal jelly       |       |       |       |     3 |     3 |     4 |     2 ||    12
Armor: Scale mail        |    41 |       |       |       |       |       |       ||    41
       Ice dragon scales |     2 |    76 |       |    38 |   439 |       |       ||   555
       Ring mail         |       |     6 |   179 |   141 |       |       |       ||   326
       Troll leather arm |       |       |       |       |    37 |   151 |       ||   188
       Acid dragon scale |       |       |       |       |       |    14 |    31 ||    45
Dodge: Dodged            |    40 |    43 |   117 |   276 |   695 |   848 |   229 ||  2248
Block: Shield            |    63 |    74 |   189 |   441 |  1041 |  1075 |   292 ||  3175
       Reflection        |       |       |       |       |       |    32 |    24 ||    56

Table legend:
 A = Spawn XP
 B = Non-spawn XP
 C = Spawn XP percentage of total XP
 D = Spawn monster count
 E = Non-spawn monster count
 F = Spawn count percentage of total count
 G = Total turns spent on level
                    A         B        C        D         E        F      G
               +---------+---------+-------+---------+---------+-------+---------
         Total |       0 |  421820 |   0.0 |       0 |    1228 |   0.0 | 39474
               +---------+---------+-------+---------+---------+-------+---------
           D:1 |       0 |      29 |   0.0 |       0 |      15 |   0.0 |   862
           D:2 |       0 |     189 |   0.0 |       0 |      29 |   0.0 |   825
           D:3 |       0 |      44 |   0.0 |       0 |      14 |   0.0 |   731
           D:4 |       0 |     481 |   0.0 |       0 |      20 |   0.0 |  1175
           D:5 |       0 |     755 |   0.0 |       0 |      17 |   0.0 |  1172
           D:6 |       0 |    1336 |   0.0 |       0 |      19 |   0.0 |   914
           D:7 |       0 |    1100 |   0.0 |       0 |      20 |   0.0 |   759
           D:8 |       0 |    3816 |   0.0 |       0 |      18 |   0.0 |   991
           D:9 |       0 |    2064 |   0.0 |       0 |      35 |   0.0 |  1648
          D:10 |       0 |    5928 |   0.0 |       0 |      36 |   0.0 |  2028
          D:11 |       0 |    6525 |   0.0 |       0 |      42 |   0.0 |  1585
          D:12 |       0 |    8532 |   0.0 |       0 |      41 |   0.0 |  1668
          D:13 |       0 |   11947 |   0.0 |       0 |      63 |   0.0 |  1194
          D:14 |       0 |   19272 |   0.0 |       0 |      57 |   0.0 |   998
          D:15 |       0 |   25007 |   0.0 |       0 |      49 |   0.0 |  1907
        Lair:1 |       0 |    3698 |   0.0 |       0 |      10 |   0.0 |   680
        Lair:2 |       0 |    7701 |   0.0 |       0 |      36 |   0.0 |  1479
        Lair:3 |       0 |   10194 |   0.0 |       0 |      33 |   0.0 |  1772
        Lair:4 |       0 |    8423 |   0.0 |       0 |      19 |   0.0 |   896
        Lair:5 |       0 |    5498 |   0.0 |       0 |      27 |   0.0 |   761
        Lair:6 |       0 |   15231 |   0.0 |       0 |      77 |   0.0 |  1374
       Snake:1 |       0 |   15802 |   0.0 |       0 |      32 |   0.0 |  1027
       Snake:2 |       0 |   14300 |   0.0 |       0 |      27 |   0.0 |  1627
       Snake:3 |       0 |   24714 |   0.0 |       0 |      41 |   0.0 |  1659
       Snake:4 |       0 |   58453 |   0.0 |       0 |      84 |   0.0 |  2454
         Orc:1 |       0 |    2230 |   0.0 |       0 |      33 |   0.0 |   534
         Orc:2 |       0 |   21058 |   0.0 |       0 |     140 |   0.0 |  1754
      Depths:1 |       0 |   56033 |   0.0 |       0 |      68 |   0.0 |  1624
      Depths:2 |       0 |   53299 |   0.0 |       0 |      63 |   0.0 |  1642
      Depths:3 |       0 |   32764 |   0.0 |       0 |      37 |   0.0 |   558
         Sewer |       0 |     146 |   0.0 |       0 |       6 |   0.0 |   105
         IceCv |       0 |    5251 |   0.0 |       0 |      20 |   0.0 |  1031
               +---------+---------+-------+---------+---------+-------+---------
